Map: Site Delta LE

Players

SKillous - Winner!

  • Race: Protoss Protoss
  • League: Grandmaster
  • Spawn Location: 5:00

gumiho

  • Race: Terran Terran
  • Spawn Location: 11:00

Event: HomeStory Cup XXV

VOD

Have the link to the VOD?

Description

Time

  • Played on: June 21, 2024, 4 p.m.
  • Length: 5:09

All games in this series

Show
View Real Time Build Order
Export as new Build Order

SKillous Protoss - Winner!

Build Orders: 1 Gate Expand, Oracle Opening, Phoenix Opening 

Get SALT Encoding   

  12  0:00  Probe  
  13  0:12  Probe  
  14  0:17  Pylon  
  14  0:24  Probe  
  15  0:36  Gateway  
  15  0:37  Probe (Chrono Boost)  
  16  0:43  Assimilator  
  16  0:47  Probe (Chrono Boost)  
  17  0:52  Probe  
  18  1:04  Probe  
  19  1:16  Probe  
  20  1:24  Cybernetics Core  
  20  1:32  Nexus  
  20  1:35  Probe  
  21  1:42  Pylon  
  21  1:48  Assimilator  
  21  1:51  Probe  
  21  1:57  Adept (Chrono Boost)  
  23  2:02  Warp Gate  
  23  2:04  Probe (Chrono Boost)  
  24  2:15  Probe (Chrono Boost)  
  25  2:20  Stalker, Probe (Chrono Boost)  
  28  2:29  Shield Battery  
  28  2:32  Shield Battery  
  28  2:35  Probe  
  29  2:47  Probe, Stargate  
  31  2:55  Stalker (Chrono Boost)  
  32  3:07  Probe x2  
  32  3:09  Gateway  
  34  3:19  Probe x2  
  36  3:28  Oracle (Chrono Boost)  
  36  3:31  Probe  
  36  3:33  Probe  
  41  3:35  Pylon  
  41  3:43  Probe  
  41  3:45  Probe  
  43  3:53  Gateway  
  43  3:55  Phoenix (Chrono Boost)  
  43  3:56  Probe  
  43  3:58  Probe  
  43  4:02  Stalker  
  49  4:05  Stalker  
  49  4:08  Probe  
  49  4:09  Pylon  
  49  4:26  Adept  
  33  4:40  Stalker  
  33  4:41  Probe  
  39  4:46  Stalker  
  39  4:47  Zealot  
  39  4:52  Pylon  
  43  4:55  Probe x2  
Show
View Real Time Build Order
Export as new Build Order

gumiho Terran 

Build Orders:  

Get SALT Encoding   

  12  0:00  SCV  
  13  0:12  SCV  
  14  0:17  Supply Depot  
  14  0:24  SCV  
  15  0:38  SCV  
  15  0:40  Barracks  
  16  0:44  Refinery  
  16  0:56  Barracks  
  16  1:00  SCV  
  17  1:12  SCV  
  18  1:27  Orbital Command, Marine  
  18  1:29  Supply Depot  
  19  1:43  Barracks Tech Lab  
  19  1:45  Marine  
  20  1:52  SCV  
  21  2:01  Concussive Shells, Marauder  
  21  2:03  Marine  
  21  2:05  SCV  
  21  2:06  Supply Depot  
  25  2:17  SCV  
  25  2:21  Barracks Reactor  
  26  2:23  Marauder  
  26  2:29  SCV  
  29  2:42  SCV  
  30  2:44  Marauder  
  30  2:50  Command Center  
  32  3:02  Marine x2  
  34  3:06  Marauder  
  34  3:08  Supply Depot  
  36  3:13  SCV  
  37  3:22  Marine x2  
  39  3:30  SCV, Marauder  
  39  3:31  Supply Depot  
  42  3:41  Marine x2  
  42  3:42  SCV  
  45  3:56  Marauder  
  45  4:00  SCV  
  48  4:09  Orbital Command  
  46  4:23  Marauder  
  44  4:25  Marine  
  37  4:36  Marine  
  31  4:39  SCV x2  
  31  4:43  Marine  
  31  4:44  Marauder  
  34  4:51  SCV  
  33  4:54  SCV  
Tags
 
Add a new tag
Caveats
  • Supply blocks, unpowered buildings, or Contaminate may cause inaccurate times.
  • Supply counts are checked every 10 seconds.